 Dungeon Crawl Stone Soup version 0.30-a0-760-g5a9884bb7c (webtiles) character file.

Game seed: 4474061770774778335

62 vineage the Trooper (level 4, 0/31 HPs)
             Began as a Gargoyle Fighter on Feb 10, 2023.
             Slain by a gnoll
             ... wielding a +0 whip
              (4 damage)
             ... on level 2 of the Dungeon.
             The game lasted 00:01:03 (775 turns).

vineage the Trooper (Gargoyle Fighter)               Turns: 775, Time: 00:01:03

Health: 0/31       AC: 12    Str: 21    XL:     4   Next: 8%
Magic:  4/4        EV: 12    Int:  9    God:
Gold:   56         SH:  4    Dex:  9    Spells: 3/3 levels left

rFire   . . .      SeeInvis .    a - +0 flail
rCold   . . .      Faith    .    c - +0 buckler
rNeg    + . .      Spirit   .    l - +0 chain mail
rPois   ∞          Reflect  .    (no helmet)
rElec   +          Harm     .    (no cloak)
rCorr   .          Rampage  .    (no gloves)
Will    .....                    (no boots) Stlth
                                 (no amulet)
HPRegen 0.25/turn                i - +5 ring of evasion
MPRegen 0.09/turn                (no ring)

@: mighty
A: sickness immunity, AC +3, negative energy resistance 1, electricity
resistance, torment resistance 1, petrification resistance
a: no special abilities


You were on level 2 of the Dungeon.
You visited 1 branch of the dungeon, and saw 2 of its levels.

You collected 56 gold pieces.

Inventory:

Hand Weapons
 a - a +0 flail (weapon)
Armour
 c - a +0 buckler (worn)
 l - a +0 chain mail (worn)
Jewellery
 i - a +5 ring of evasion (left hand)
Scrolls
 g - 2 scrolls of fog
Potions
 e - a potion of degeneration {unknown}
 h - a potion of magic {unknown}
 j - a potion of haste {unknown}
 k - a potion of mutation {unknown}


   Skills:
 + Level 5.3 Fighting
 - Level 2.0 Maces & Flails
 - Level 3.2 Armour
 - Level 3.2 Shields


You had 3 spell levels left.
You didn't know any spells.
Your spell library contained the following spells:

 Spells                   Type           Power      Damage    Failure   Level
 Beastly Appendage        Tmut           0%         N/A       99%         1
 Wereblood                Tmut           0%         N/A       100%        2
 Spider Form              Tmut/Pois      0%         N/A       100%        3


Dungeon Overview and Level Annotations

Branches:
Dungeon (2/15)

Altars:


Innate Abilities, Weirdness & Mutations

You are immune to sickness and miasma.
Your stone body is resilient. (AC +3)
You are immune to poison.
You resist negative energy. (rN+)
You are resistant to electric shocks. (rElec)
You are resistant to unholy torment.
You are immune to petrification.


Message History

Things that are here:
a +0 spear; a gnoll corpse You completely miss the gnoll.
The gnoll closely misses you. The gnoll barely misses you.
You barely miss the gnoll. The gnoll closely misses you.
You barely miss the gnoll. You block the gnoll's attack.
You barely miss the gnoll. The gnoll misses you. The gnoll barely misses you.
An endoplasm comes into view.
The endoplasm quivers.
You sock the gnoll!
The gnoll is almost dead.
The gnoll hits you with a +0 halberd.
You sock the gnoll!
You kill the gnoll!
A goblin comes into view. It is wielding a +0 club.
Your Fighting skill increases to level 5!
You closely miss the gnoll.
The goblin shouts!
The gnoll hits you with a +0 flail.
* * * LOW HITPOINT WARNING * * *
The gnoll barely misses you.
A gnoll comes into view. It is wielding a +0 whip.
The gnoll shouts!
You sock the gnoll!
You kill the gnoll!
You have reached level 4!
You feel clever. The gnoll closely misses you.
Items here: ( )) †.
You barely miss the gnoll. The endoplasm freezes you.
You are frozen.
* * * LOW HITPOINT WARNING * * *
You block the gnoll's attack.
You barely miss the gnoll. The endoplasm freezes you.
You are frozen.
* * * LOW HITPOINT WARNING * * *
The gnoll hits you with a +0 whip.
You die...

..###.#
...... #..>
#.########.#
#......<...#
##########.#
#g# #J# #@#
#g# ...
####. .# #


You could see a gnoll, an endoplasm and a goblin.

Vanquished Creatures
  3 gnolls (D:2)
  3 dart slugs (D:1)
  A ball python (D:1)
  An endoplasm (D:1)
  2 giant cockroaches (D:1)
  2 hobgoblins (D:1)
  4 jackals (D:1)
  5 bats (D:1)
  3 kobolds (D:1)
  3 rats (D:1)
27 creatures vanquished.

Notes
Turn   | Place    | Note
-------+----------+-------------------------------------------
     0 | D:1      | vineage the Gargoyle Fighter began the quest for the Orb.
     0 | D:1      | Reached XP level 1. HP: 14/14 MP: 1/1
    62 | D:1      | Reached XP level 2. HP: 10/20 MP: 2/2
    64 | D:1      | Reached skill level 4 in Fighting
   271 | D:1      | Reached XP level 3. HP: 15/24 MP: 3/3
   771 | D:2      | Reached skill level 5 in Fighting
   773 | D:2      | Reached XP level 4. HP: 9/31 MP: 4/4
   775 | D:2      | Slain by a gnoll

Illustrated notes

Levels and vault maps discovered:
D:1:      saegor_arrival_simple_b, layout_basic, chequers_serial_rivers_large_a,
          grunt_decor_fettered
D:2:      layout_loops_ring, feat_on_display

Skill      XL: |  1  2  3 |
---------------+----------+-----
Fighting       | 4 5 |  5.3
Maces & Flails | |  2.0
Armour         | |  3.2
Shields        | |  3.2

Action                     |  1- 3 |  4- 6 || total
---------------------------+-------+-------++-------
  Melee: Flail             |    77 |     2 ||    79
    Use: Scroll            |     2 |       ||     2
         Potion            |     2 |       ||     2
 Armour: Scale mail        |    47 |       ||    47
         Chain mail        |     7 |       ||     7
  Dodge: Dodged            |    80 |     1 ||    81
  Block: Buckler           |    23 |     1 ||    24

Table legend: (Time is in decaauts)
 A = Elapsed time spent in this place.
 B = Non-inter-level travel time spent in this place.
 C = Inter-level travel time spent in this place.
 D = Time resting spent in this place.
 E = Time spent auto-exploring this place.
 F = Levels seen in this place.
 G = Mean time per level.
                   A        B        C        D        E       F      G
               +--------+--------+--------+--------+--------+-----+--------+
         Total |    815 |    791 |     24 |      0 |    590 |   2 |  407.5 |
       Dungeon |    815 |    791 |     24 |      0 |    590 |   2 |  407.5 |
               +--------+--------+--------+--------+--------+-----+--------+

Top non-repeatable levels by time:
     D:1: 787 daAuts
     D:2: 27 daAuts
